[Event "32nd NATO Chess Championship"]
[Site "Tartu, Estonia"]
[Date "2022.06.30"]
[Round "5.21"]
[White "Cirkvencic, Franci"]
[Black "Rosseel, Kimball"]
[Result "1-0"]
[TimeControl "90 min + 30 sec increment from move one"]
[WhiteFideId "14600528"]
[BlackFideId "233331"]
[WhiteElo "2000"]
[BlackElo "1831"]

1. d4 d6 2. Nf3 g6 3. g3 Bg7 4. Bg2 Nf6 5. O-O O-O 6. c4 Nbd7 7. Nc3 a6 8. e4 e5 9. h3 Rb8 10.
a4 exd4 11. Nxd4 Ne5 12. b3 Bd7 13. Be3 c5 14. Nde2 Qe7 15. Ra2 Rbd8 16. Bg5 h6 17. Nd5 Qe6 18. Nef4 Qxd5 19. Nxd5 hxg5 20.
Nxf6+ Bxf6 21. Qxd6 Be6 22. Qxc5 Rc8 23. Qe3 Nxc4 24. bxc4 Bxc4 25. Rd2 Bxf1 26. Bxf1 Rb8 27. Rd6 Be7 28.
Rd7 Rfe8 29. Qb6 Kf8 30. Rxb7 Rxb7 31. Qxb7 a5 32. Bc4 Rd8 33. Bd5 f5 34. Qa6 fxe4 35. Qe6 Ke8 36. Qxg6+ 1-0

[Event "32nd NATO Chess Championship"]
[Site "Tartu, Estonia"]
[Date "2022.06.30"]
[Round "5.22"]
[White "Nielsen, Jan Mose"]
[Black "Ivbulis, Martins"]
[Result "0-1"]
[TimeControl "90 min + 30 sec increment from move one"]
[WhiteFideId "1405306"]
[BlackFideId "11603496"]
[WhiteElo "1991"]
[BlackElo "1815"]

1. d4 d5 2. Nf3 e6 3. c4 a6 4. Nc3 dxc4 5. a4 Nc6 6. e3 Na5 7. Nd2 Nf6 8. Nxc4 c5 9. Nxa5 Qxa5 10.
Bd2 cxd4 11. Nb5 Bb4 12. Nxd4 Bxd2+ 13. Qxd2 Qxd2+ 14. Kxd2 Ne4+ 15. Ke2 e5 16. Nc2 Be6 17. f3 Rc8 18.
Ne1 Bc4+ 0-1

[Event "32nd NATO Chess Championship"]
[Site "Tartu, Estonia"]
[Date "2022.06.30"]
[Round "5.23"]
[White "Van Den Heuvel, Tonnie"]
[Black "Aagaard, Gert"]
[Result "1/2-1/2"]
[TimeControl "90 min + 30 sec increment from move one"]
[WhiteFideId "1012924"]
[BlackFideId "1427024"]
[WhiteElo "1799"]
[BlackElo "1979"]

1. b3 d5 2. Bb2 Bg4 3. Nf3 e6 4. e3 Nf6 5. d4 Nbd7 6. Be2 Be7 7. O-O O-O 8. Nbd2 Re8 9. c4 c6 10.
Re1 Rc8 11. Qc2 Bd6 12. Ne5 Bxe2 13. Rxe2 Bxe5 14. dxe5 Ng4 15. f4 f6 16. h3 Nh6 17. Nf3 Nc5 18. Nd2 f5 19. cxd5 cxd5 20. Rc1 Rc6 21. Qb1 Qd7 22.
Nf3 Ne4 23. Nd4 Rxc1+ 24. Qxc1 Rc8 25. Rc2 Rxc2 26. Qxc2 Nf7 27. g4 g6 28. Ba3 Nd8 29. gxf5 gxf5 30. Qg2+ Qg7 31. Qxg7+ Kxg7 32.
Be7 Nc6 33. Nxc6 bxc6 34. b4 Kf7 35. Bc5 a6 36. a4 Ke8 37. a5 Kf7 38. Kg2 Kg6 39. Be7 Nc3 40. Bc5 Kh5 41. Kh2 Ne2 42.
Kg2 Nc3 43. Kh2 Nb5 44. Kg2 Na3 45. Kh2 Nc2 46. Kg3 Ne1 47. Kf2 Nd3+ 48. Kg3 h6 49. Be7 Kg6 50. Bc5 Nc1 51. Kf2 Kf7 52.
Kg3 Kg7 53. Kf2 Kg6 54. Kg3 Kh5 55. Kg2 Nb3 56. Kg3 Nd2 57. Kg2 Ne4 58. Kh2 Nf2 59. Kg2 Nd3 60. Kg3 Kg6 61. Kf3 Kf7 62.
Ke2 Nc1+ 63. Kf2 Ke8 64. Kf3 Nd3 65. Ke2 Nb2 66. Kf3 Kf7 67. Kg3 Nc4 68. Kf3 h5 69. h4 Ke8 70. Kg3 Kd7 71.
Kf3 Nd2+ 72. Ke2 Nc4 73. Kf3 1/2-1/2

[Event "32nd NATO Chess Championship"]
[Site "Tartu, Estonia"]
[Date "2022.06.30"]
[Round "5.25"]
[White "Stuhr, Finn"]
[Black "Pirs, Matjaz"]
[Result "0-1"]
[TimeControl "90 min + 30 sec increment from move one"]
[WhiteFideId "1400789"]
[BlackFideId "14606941"]
[WhiteElo "1686"]
[BlackElo "1965"]

1. e4 e6 2. d4 d5 3. e5 c5 4. c3 Qb6 5. Bd3 Nc6 6. Nf3 cxd4 7. cxd4 Bd7 8. O-O Nxd4 9. Ng5 Nc6 10.
Nxf7 Kxf7 11. Qh5+ g6 12. Bxg6+ hxg6 13. Qxh8 Bg7 14. Qh7 Nxe5 15. h3 Nf6 16. Qh4 Rh8 17. Qg3 Nh5 18. Qa3 Rf8 19. Be3 d4 20. Bg5 Kg8 21.
Nd2 Nf7 22. Be7 Re8 23. Rac1 Nf4 24. Rc2 d3 25. Rc4 Ne2+ 26. Kh1 Bxb2 27. Qc5 Be5 28. Qxb6 axb6 29. Bh4 b5 30. Rg4 Kg7 31.
Rd1 Bd4 32. Nf3 e5 33. Nxd4 Bxg4 34. hxg4 exd4 35. Rxd3 g5 36. Bg3 Nxg3+ 37. fxg3 Re4 38. Kg1 Kf6 39. Kf2 Ne5 40. Rb3 Nxg4+ 41. Kf1 Re5 42. Rd3 Rd5 43.
Rf3+ Rf5 44. Ke2 Rxf3 45. gxf3 Ne5 46. f4 gxf4 47.
gxf4 Nc6 48. a3 Kf5 49. Kf3 Ne7 0-1

[Event "32nd NATO Chess Championship"]
[Site "Tartu, Estonia"]
[Date "2022.06.30"]
[Round "5.26"]
[White "Randall, Gordon"]
[Black "Windey, Luc"]
[Result "1-0"]
[TimeControl "90 min + 30 sec increment from move one"]
[WhiteFideId "2056518"]
[BlackFideId "249220"]
[WhiteElo "1954"]
[BlackElo "1624"]

1. d4 d5 2. c4 dxc4 3. e4 e6 4. Bxc4 Bb4+ 5. Nc3 Bxc3+ 6. bxc3 h6 7. Ne2 Nf6 8. Qd3 O-O 9. e5 Nd5 10.
Qg3 Kh8 11. Qh3 f5 12. exf6 Qxf6 13. O-O Nc6 14. Qg3 Rf7 15. Bd3 e5 16. Bg6 Re7 17. c4 Nf4 18. Bxf4 exf4 19. Nxf4 Nxd4 20.
Bh5 Nf5 21. Qa3 Re4 22. Ng6+ Kg8 23. Qc5 Qd6 24. Qxd6 Nxd6 25. Bf3 Rxc4 26. Bd5+ Kh7 27. Bxc4 Nxc4 28. Rac1 b5 29. Ne7 Be6 30.
Rfe1 Bf7 31. Nc6 Bd5 32. Nd4 c6 33. Re7 Kg6 34. Nxc6 Kf6 35. Rc7 a6 36.
Nb4 Be4 37. f3 Bf5 38. Rc6+ Kf7 39. Rxa6 Rxa6 40. Nxa6 Be6 41. Nc7 Bd7 42. a4 Na3 43. axb5 Nxb5 44. Nxb5 Bxb5 45. Rc5 Bd3 46.
Rc6 Bf5 47. Kf2 Be6 48. Ke3 Bb3 49. Kf4 Ba4 50. Rb6 Bc2 51. Ke5 Bd3 52. f4 Bf1 53. g3 Bh3 54. f5 Bg2 55. Ra6 Bf3 56.
f6 1-0

[Event "32nd NATO Chess Championship"]
[Site "Tartu, Estonia"]
[Date "2022.06.30"]
[Round "5.29"]
[White "Simard, Francois"]
[Black "Wendler, Edward"]
[Result "0-1"]
[TimeControl "90 min + 30 sec increment from move one"]
[WhiteFideId "2621681"]
[BlackFideId "30956277"]
[WhiteElo "1757"]
[BlackElo "1839"]

1. d4 d5 2. c4 e6 3. Nc3 Nf6 4. cxd5 exd5 5. Bg5 Be7 6. e3 c6 7. Nf3 h6 8. Bf4 O-O 9. Bd3 Re8 10.
Qc2 Nbd7 11. h3 Nf8 12. O-O Ne6 13. Be5 Bd6 14. Bxd6 Qxd6 15. Ne5 Nf8 16. Nb1 Re7 17. Nd2 c5 18.
Nef3 c4 19. Be2 Rc7 20. Ne5 N6d7 21. Ndf3 f6 22. Ng6 Nxg6 23. Qxg6 Nf8 24. Qh5 Bd7 25.
Nh4 g5 26. Nf3 Be8 27. Qg4 h5 28. Qg3 Qxg3 29. fxg3 Re7 30. Kf2 Bg6 31. Rfe1 Rae8 32. Bd1 Ne6 33. Rc1 Kg7 34. Bc2 Bxc2 35.
Rxc2 Kg6 36. Rce2 g4 37. Nd2 b5 38. b4 Ng5 39. h4 Ne4+ 40. Nxe4 Rxe4 41. Rc1 R8e6 42. Rc3 Ra6 43. a3 Ra4 44.
Ra2 Re6 45. Rc1 Rea6 46. Rca1 Rb6 47. Rb1 Kf5 48. Ke2 a5 49. bxa5 Rxa5 50. Rf1+ Ke6 51. Kd1 b4 52. Raf2 Kf7 53.
axb4 Ra1+ 54. Kc2 Rxf1 55. Rxf1 Ke6 56. Ra1 Rxb4 57. Ra6+ Kf5 58. Rd6 Rb5 59. Kc3 Rb3+ 60. Kd2 Rb2+ 61.
Kc3 Rxg2 62. Rxd5+ Ke4 63. Rxh5 Rxg3 64. Kxc4 Rxe3 65. Rh8 Kf4 66. d5 g3 67. d6 g2 68. Rg8 Rg3 69. Rxg3 Kxg3 70.
d7 g1=Q 71. d8=Q Qc1+ 72. Kb5 Qb1+ 73. Ka6 Qf1+ 74. Ka5 Qf5+ 75. Ka6 Kxh4 76. Qh8+ Kg4 77. Qg7+ Kf4 78. Qc7+ Qe5 79. Qc1+ Kf5 80.
Qc2+ Kg5 81. Qg2+ Kh6 82. Qh3 Kg6 83. Qg4 Kf7 84. Qd7+ Qe7 85. Qxe7+ Kxe7 86. Kb5 Kd6 87. Kc4 Ke5 88.
Kd3 Kf4 89. Ke2 Kg3 90. Ke1 Kf3 91. Kf1 f5 0-1

[Event "32nd NATO Chess Championship"]
[Site "Tartu, Estonia"]
[Date "2022.06.30"]
[Round "5.30"]
[White "Rizihs, Valerijs"]
[Black "Koopmeiners, Karl"]
[Result "1-0"]
[TimeControl "90 min + 30 sec increment from move one"]
[WhiteFideId "11603380"]
[BlackFideId "24624373"]
[WhiteElo "1619"]
[BlackElo "1946"]

1. d4 Nf6 2. Nf3 d5 3.
Bg5 e6 4. e3 Be7 5. c3 O-O 6. Bd3 c5 7. O-O Nc6 8. Nbd2 cxd4 9. exd4 h6 10. Bh4 Nh5 11. Bxe7 Qxe7 12. Re1 Nf6 13. Rc1 Bd7 14. Ne5 Rab8 15. Bb1 Rfc8 16. Nb3 b5 17. Qd3 b4 18. Re3 bxc3 19. bxc3 Kf8 20. Rf3 Qa3 21. Qe3 Nxe5 22. dxe5 Ne4 23. Bxe4 dxe4 24. Rf4 Kg8 25. h3 Rc4 26. Rd1 Bc6 27. Rd4 Rxd4 28. Nxd4 Bd5 29. Rg4 Kf8 30. Qg3 Qc1+ 31. Kh2 g6 32. Qh4 h5 33. Rf4 e3 34. Qf6 Rb7 35. Ne2 Qf1 36. Qd8+ Kg7 37. Qf6+ Kh7 38. f3 Qxe2 39. Qd8 Qb5 40. c4 Bxc4 41. Qf8 Qd7 42. Rxc4 1-0

[Event "32nd NATO Chess Championship"]
[Site "Tartu, Estonia"]
[Date "2022.06.30"]
[Round "5.31"]
[White "Papler, Peter"]
[Black "Heran-Boily, Samuel"]
[Result "0-1"]
[TimeControl "90 min + 30 sec increment from move one"]
[WhiteFideId "14609770"]
[BlackFideId "1554565"]
[WhiteElo "1714"]
[BlackElo "1871"]

1. d4 d5 2. Bf4 Nf6 3. Nf3 e6 4. e3 Be7 5. h3 b6 6. Be2 Bb7 7. O-O O-O 8. Nbd2 Nbd7 9. c3 c5 10.
Re1 Ne4 11. Qc2 Ndf6 12. Rad1 c4 13. Nxe4 Nxe4 14. Nd2 f5 15. Nxe4 fxe4 16. b3 b5 17. Rb1 Bc6 18. bxc4 bxc4 19.
Rf1 Bd6 20. Bxd6 Qxd6 21. Rb4 Rf6 22. Rfb1 Raf8 23. Bg4 g6 24. R1b2 Kg7 25. Qb1 h5 26. Bd1 Kh6 27. Qc1 Qc7 28.
Qd2 Rf5 29. Qe1 Rg5 30. h4 Rgf5 31. g4 R5f7 32. g5+ Kg7 33. Kg2 Rf5 34. Qg1 R5f7 35. Qh1 a5 36. Rb6 Rxf2+ 37. Rxf2 Rxf2+ 38. Kxf2 Qxb6 39. Qh2 Be8 40. Qe5+ Kg8 41. Qf6 Qd6 42. Kg2 Bf7 43. Qe5 Qb6 44. Kg3 Qb1 45. Qd6 Qxd1 46. Qd8+ Kh7 47.
Kf4 Qg4+ 48. Ke5 Qxh4 49. Kf6 Qf2+ 50. Ke7 Bg8 51. Kd6 Kg7 52. Qxa5 Qg3+ 53. Kc5 Qxg5 54. Qc7+ Bf7 55. a4 Qxe3 56.
a5 Qxc3 57. Qb6 e3 58. a6 e2 59. a7 Qa3+ 60. Kc6 e1=Q 61. Kb7 Qeb4 62. Qxb4 0-1

[Event "32nd NATO Chess Championship"]
[Site "Tartu, Estonia"]
[Date "2022.06.30"]
[Round "5.32"]
[White "Graham, Frazer"]
[Black "Ivsek, Cveto"]
[Result "0-1"]
[TimeControl "90 min + 30 sec increment from move one"]
[WhiteFideId "479993"]
[BlackFideId "14608405"]
[WhiteElo "1864"]
[BlackElo "1766"]

1. e4 c5 2. Nf3 Nc6 3. g3 e6 4. d3 d5 5. Nbd2 Nf6 6. Bg2 Bd6 7. O-O O-O 8. Re1 Qc7 9. Qe2 Nd7 10. c3 a6 11. Nh4 d4 12. f4 Be7 13. Nhf3 b5 14. e5 Bb7 15. Ne4 Rfd8 16. cxd4 Nxd4 17. Nxd4 cxd4 18. Bd2 Rac8 19. Rec1 Qb6 20. Qf3 Bxe4 21. Qxe4 Nc5 22. Qe2 Na4 23. Qe1 b4 24. Be4 a5 25. a3 Rxc1 26. Rxc1 Nxb2 27. Rb1 Na4 28. axb4 axb4 29. Kh1 Nc3 30. Rb3 Qa6 31. Qc1 Rc8 32. Bf3 Qxd3 33. Bg2 Qc4 34. Qb2 h6 35. Bxc3 bxc3 0-1

[Event "32nd NATO Chess Championship"]
[Site "Tartu, Estonia"]
[Date "2022.06.30"]
[Round "5.33"]
[White "Giedraitis, Mingaudas"]
[Black "Ross, David C"]
[Result "1-0"]
[TimeControl "90 min + 30 sec increment from move one"]
[WhiteFideId "12808806"]
[BlackFideId "417572"]
[WhiteElo "1846"]
[BlackElo "1677"]

1. d4 Nf6 2. Bf4 c5 3. e3 Qb6 4. Na3 cxd4 5. Qxd4 Qxd4 6. exd4 d6 7. Bd3 g6 8. Bd2 Bg7 9. Nb5 Na6 10.
Ne2 Bd7 11. O-O O-O 12. Rfe1 Nd5 13. c3 Nac7 14. Nxc7 Nxc7 15. Rad1 Bc6 16. Bg5 Rfe8 17. Ng3 e5 18. dxe5 dxe5 19.
Ne4 Bxe4 20. Bxe4 Ne6 21. Be3 Re7 22. Rd6 Rd8 23. Rxd8+ Nxd8 24. Bxa7 Rd7 25. Be3 f5 26. Bc2 f4 27.
Bc1 Nc6 28. f3 Kf8 29. Kf1 Ne7 30. Rd1 Rc7 31. Rd8+ Kf7 32. g4 Nc6 33. Rd1 Nd4 34. Be4 Ne6 35. Bd5 Ke7 36. Ke2 Ng5 37.
c4 h5 38. gxh5 gxh5 39. b3 1-0

[Event "32nd NATO Chess Championship"]
[Site "Tartu, Estonia"]
[Date "2022.06.30"]
[Round "5.35"]
[White "Boudry, Rik"]
[Black "Ntalampiras, Spyros"]
[Result "0-1"]
[TimeControl "90 min + 30 sec increment from move one"]
[WhiteFideId "237540"]
[BlackFideId "4227778"]
[WhiteElo "1468"]
[BlackElo "1815"]

1. e4 c5 2. Be2 Nc6 3. f4 g6 4. Nf3 Bg7 5. O-O d5 6. d3 Nh6 7. c3 O-O 8. Nbd2 Ng4 9. Nb3 dxe4 10.
dxe4 Qb6 11. c4 Rd8 12. Qc2 a5 13. h3 a4 14. hxg4 axb3 15. Qb1 Bxg4 16. Rd1 Rxd1+ 17. Bxd1 bxa2 18.
Rxa2 Rd8 19. Be3 Bxf3 20. Bxf3 Bd4 21. Bxd4 Nxd4 22. Bd1 Qb4 23. Kf2 Qd2+ 0-1

[Event "32nd NATO Chess Championship"]
[Site "Tartu, Estonia"]
[Date "2022.06.30"]
[Round "5.38"]
[White "Smit, Jan"]
[Black "Adolfssen, Rico"]
[Result "1/2-1/2"]
[TimeControl "90 min + 30 sec increment from move one"]
[WhiteFideId "1052047"]
[BlackFideId "1400371"]
[WhiteElo "1741"]
[BlackElo "1837"]

1. Nf3 d5 2. d4 Bf5 3. Bg5 h6 4. Bh4 Nd7 5. e3 Ngf6 6. Nbd2 a6 7. a4 g5 8. Bg3 c5 9. Ne5 Bg7 10.
Be2 O-O 11. h4 cxd4 12. exd4 Rc8 13. c3 Qb6 14. Qb3 Qd8 1/2-1/2

[Event "32nd NATO Chess Championship"]
[Site "Tartu, Estonia"]
[Date "2022.06.30"]
[Round "5.39"]
[White "Lambruschini, Alex"]
[Black "Steen, Kris"]
[Result "0-1"]
[TimeControl "90 min + 30 sec increment from move one"]
[WhiteFideId "2604868"]
[BlackFideId "264571"]
[WhiteElo "1807"]
[BlackElo "1735"]

1. e4 c5 2. Nf3 d6 3. d4 cxd4 4. Nxd4 Nc6 5. Nc3 Nf6 6. Be2 g6 7. O-O Bg7 8. Kh1 O-O 9. g4 Nxd4 10.
Qxd4 Bxg4 11. f3 Bd7 12. Qg1 Bc6 13. Be3 a6 14. Bb6 Qd7 15. a4 Qe6 16. Ra3 d5 17. e5 Nd7 18. Bd4 Bxe5 19.
f4 Bxd4 20. Qxd4 Qf6 21. Qd3 Nc5 22. Qh3 d4+ 23. Bf3 Bxf3+ 24. Rxf3 dxc3 25. Raxc3 Ne6 26. f5 Ng5 27. fxg6 Nxh3 28.
gxh7+ Kh8 0-1

[Event "32nd NATO Chess Championship"]
[Site "Tartu, Estonia"]
[Date "2022.06.30"]
[Round "5.40"]
[White "Coulon, Dominic"]
[Black "Allmann, Lauri"]
[Result "0-1"]
[TimeControl "90 min + 30 sec increment from move one"]
[WhiteFideId "2621932"]
[BlackFideId "2604868"]
[WhiteElo "1701"]
[BlackElo "1804"]

1. d4 Nf6 2. Bg5 d6 3. Bxf6 exf6 4. e3 Nc6 5. Nd2 g6 6. c3 Bf5 7. Ne2 Bg7 8. Ng3 Ne7 9. Nxf5 Nxf5 10. g3 O-O 11. Bg2 Rb8 12. O-O Re8 13. c4 c6 14.
b4 h5 15. Rb1 Bh6 16. Re1 Qc7 17. Nf1 Ng7 18. d5 c5 19. bxc5 Qxc5 20. Qd4 Rec8 21. Qxf6 Ne8 22. Qd4 Qxd4 23. exd4 Rxc4 24. Re7 Rc7 25. Rbe1 Kf8 26. R7e2 Nf6 27. Ne3 Re8 28. f4 Bg7 29. Rd1 Rc3 30. Kf2 Rcxe3 0-1

[Event "32nd NATO Chess Championship"]
[Site "Tartu, Estonia"]
[Date "2022.06.30"]
[Round "5.41"]
[White "Moulton, Richard"]
[Black "O`byrne, Daniel"]
[Result "0-1"]
[TimeControl "90 min + 30 sec increment from move one"]
[WhiteFideId "2622718"]
[BlackFideId "440825"]
[WhiteElo "1766"]
[BlackElo "1664"]

1. e4 e6 2. d4 d5 3. Nc3 c5 4. exd5 cxd4 5. Qxd4 Nc6 6. Qa4 exd5 7. Nf3 d4 8. Nb5 Bb4+ 9. Bd2 Bxd2+ 10. Kxd2 Nge7 11. Bd3 O-O 12.
Nbxd4 Nxd4 13. Qxd4 Qc7 14. Rhe1 Ng6 15. g3 Be6 16. b3 Rfd8 17. Qb4 Rac8 18. Rac1 a5 19. Qb5 Qc3+ 20. Kd1 Rc5 21.
Qxc5 Qxc5 22. Ke2 Bg4 23. Be4 Re8 24. Kf1 Bxf3 25. Bxf3 Rxe1+ 26. Rxe1 Qxc2 27. Re2 Qc7 28. Kg2 Nf8 29.
Bd5 g6 30. Bc4 b5 31. Bd5 Kg7 32. Bf3 Ne6 33. Rd2 Ng5 34. Be2 Qc3 35. Rd8 Qc6+ 36. f3 Qc2 37. Kf2 Qxa2 38. Ra8 Ne6 39.
Ke1 Qxb3 0-1

[Event "32nd NATO Chess Championship"]
[Site "Tartu, Estonia"]
[Date "2022.06.30"]
[Round "5.42"]
[White "Sui, Andres"]
[Black "Echavarria Hidalgo, Fernando"]
[Result "1-0"]
[TimeControl "90 min + 30 sec increment from move one"]
[WhiteFideId "4507029"]
[BlackFideId "2617528"]
[WhiteElo "1288"]
[BlackElo "1749"]

1. c4 c5 2. Nc3 Nf6 3. d3 Nc6 4. g3 b6 5. Bg2 Bb7 6. e4 Nd4 7. f4 e6 8. Be3 Nc6 9. Nf3 d6 10.
O-O Be7 11. Qd2 Ng4 12. Rae1 O-O 13. h3 Nxe3 14. Qxe3 Re8 15. g4 Bf8 16. Kh2 g6 17. g5 Bg7 18. Rd1 a6 19. Rd2 Rb8 20.
Ne2 Ba8 21. d4 cxd4 22. Nexd4 Nxd4 23. Nxd4 Qc7 24. b3 Rbd8 25. Nf3 Qc5 26. Qxc5 dxc5 27. e5 Rxd2 28. Nxd2 Bxg2 29. Kxg2 h6 30.
h4 hxg5 31. hxg5 Rd8 32. Ne4 Bf8 33. Rf2 Rd4 34. Kf3 b5 35. Rd2 bxc4 36. Rxd4 cxd4 37. bxc4 Ba3 38. Ke2 Kf8 39. Kd3 Bb2 40. Nc5 Bc1 41.
Ke4 Ke7 42. Nxa6 d3 43. Kxd3 Bxf4 44. Ke4 Bxg5 45. a4 Bd2 46. Nb8 g5 47. a5 g4 48. a6 g3 49. Kf3 g2 50. Kxg2 Be3 51.
a7 Bxa7 52. Nc6+ Kd7 53. Nxa7 Kc7 54. Nb5+ Kc6 55. Nd6 f6 56.
exf6 Kxd6 57. c5+ 1-0

[Event "32nd NATO Chess Championship"]
[Site "Tartu, Estonia"]
[Date "2022.06.30"]
[Round "5.45"]
[White "Csizmadia, Csaba"]
[Black "Korge, Kersti"]
[Result "1-0"]
[TimeControl "90 min + 30 sec increment from move one"]
[WhiteFideId "763942"]
[BlackFideId "4502310"]
[WhiteElo "1875"]
[BlackElo "1864"]

1. d4 Nf6 2. Nf3 g6 3. c4 c5 4. e3 Bg7 5. Nc3 cxd4 6. exd4 O-O 7. Be2 d5 8. O-O Nc6 9. h3 Bf5 10.
a3 dxc4 11. Bxc4 Ne4 12. Be3 Nxc3 13. bxc3 Qa5 14. Qb3 Qc7 15. Be2 Rac8 16. Rac1 Na5 17. Qb4 Rfd8 18. Rfd1 Bf8 19. c4 Nc6 20.
Qd2 e6 21. Qc3 Qa5 22. Qxa5 Nxa5 23. g4 Be4 24. Ng5 Bc6 25. f3 Ba4 26. Rf1 Nb3 27. Rcd1 Na5 28. Rc1 Bxa3 29. Ra1 Nxc4 30.
Bxc4 Rxc4 31. Rxa3 b5 32. Ne4 f5 33. Nc5 Kf7 34. Nxa4 bxa4 35. Rfa1 f4 36. Bf2 Rb8 37. Rxa4 Rxa4 38. Rxa4 Rb7 39. d5 exd5 40. Rxf4+ Ke6 41. Ra4 Ke5 42.
Bxa7 Rb3 43. Kg2 Rd3 44. Bb8+ Kf6 45. Ra6+ Kg5 46. Kg3 Kh6 47. Bf4+ Kg7 48. g5 Rd1 49. Ra7+ Kg8 50. Be5 d4 51.
Rd7 d3 52. Bc3 Rg1+ 53. Kf4 Rh1 54. Rxd3 Rxh3 55. Bf6 Kf7 56. Rd7+ Ke6 57. Re7+ Kd6 58. Ra7 Ke6 59. Kg4 Rh1 60.
Ra6+ Kf7 61. Kg3 Rh5 62. Ra7+ Ke6 63. Re7+ Kd5 64. Re4 Rh1 65. Rh4 Rb1 66. Rxh7 Ke6 67. Re7+ Kd5 68. Kf4 Rb4+ 69.
Re4 Rb3 70. Ra4 Rb1 71. Ra6 Rb4+ 72. Kg3 Rb3 73. Kg4 Rb4+ 74. f4 Rb1 75. Bg7 Rg1+ 76. Kf3 Rf1+ 77. Ke3 Re1+ 78. Kf2 Re7 79. Rxg6 Ke4 80. Be5 Kf5 81. Rf6+ Kg4 82. Rf8 Kh5 83.
Kg3 Kg6 84. Kg4 Rb7 85. Rf6+ Kh7 86. Kf5 Kg8 87. Ra6 Rf7+ 88. Kg6 Rg7+ 89. Kf5 Rf7+ 90. Bf6 Rf8 91. Ra1 Rb8 92. Kg6 Rf8 93.
Rh1 1-0

[Event "32nd NATO Chess Championship"]
[Site "Tartu, Estonia"]
[Date "2022.06.30"]
[Round "6.1"]
[White "Papasimakopoulos, Alexandros"]
[Black "Stein, Robert"]
[Result "1/2-1/2"]
[TimeControl "90 min + 30 sec increment from move one"]
[WhiteTitle "CM"]
[BlackTitle "FM"]
[WhiteFideId "4244125"]
[BlackFideId "12921084"]
[WhiteElo "2259"]
[BlackElo "2365"]

1. d4 d5 2. c4 e6 3. Nc3 a6 4. cxd5 exd5 5. Qb3 c6 6. Nf3 Nf6 7. Bg5 Be7 8. e3 h6 9. Bf4 O-O 10.
Bxb8 Rxb8 11. Bxa6 Bf5 12. Be2 Bd6 13. h3 Qe7 14. Qd1 Rfe8 15. Bd3 Ne4 16. Bxe4 dxe4 17. Nd2 Qg5 18. g4 Bg6 19.
h4 Qf6 20. Qe2 b5 21. Nb3 Ra8 22. g5 hxg5 23. Qg4 gxh4 24. Qxh4 Qxh4 25. Rxh4 f5 26. Kd2 Bf7 27. Rah1 g6 28.
Rh8+ Kg7 29. Rxe8 Bxe8 30. a3 Bf7 31. Nc5 g5 1/2-1/2

[Event "32nd NATO Chess Championship"]
[Site "Tartu, Estonia"]
[Date "2022.06.30"]
[Round "6.2"]
[White "Pavlidis, Anastasios"]
[Black "Pietruszewski, Marcin"]
[Result "1/2-1/2"]
[TimeControl "90 min + 30 sec increment from move one"]
[WhiteTitle "IM"]
[WhiteFideId "4208404"]
[BlackFideId "1170295"]
[WhiteElo "2296"]
[BlackElo "2195"]

1. d4 Nf6 2. c4 e6 3. Nf3 Bb4+ 4. Nbd2 b6 5. a3 Bxd2+ 6. Qxd2 Bb7 7. e3 Qe7 8. b4 d6 9. Be2 Nbd7 10.
Bb2 O-O 11. O-O a5 12. Rac1 Be4 13. Ne1 Rfc8 14. f3 Bg6 15. Nd3 c6 16. e4 axb4 17. axb4 e5 18. dxe5 dxe5 19. Qc3 Ne8 20.
Nxe5 Nxe5 21. Qxe5 Qxb4 22. Bc3 Qc5+ 23. Qxc5 bxc5 24. Ra1 Nc7 25. Rxa8 Rxa8 26. Rd1 Ne6 27. Rd6 Ra2 28. Bf1 Ra6 29. Be5 Kf8 30. Rd7 Ke8 31.
Rb7 Ra2 32. Rb8+ Ke7 33. Rb7+ Kd8 34. Rb8+ Kd7 35. Rb7+ 1/2-1/2

[Event "32nd NATO Chess Championship"]
[Site "Tartu, Estonia"]
[Date "2022.06.30"]
[Round "6.3"]
[White "Cichy, Kamil"]
[Black "Pavlidou, Ekaterini"]
[Result "1/2-1/2"]
[TimeControl "90 min + 30 sec increment from move one"]
[BlackTitle "WIM"]
[WhiteFideId "1177257"]
[BlackFideId "4213262"]
[WhiteElo "2179"]
[BlackElo "2146"]

1. e4 c5 2. b3 Nc6 3. Bb2 e6 4. Bb5 Nge7 5. Ne2 a6 6. Bxc6 Nxc6 7. O-O b5 8. d3 Bb7 9. f4 Qc7 10.
Nd2 d5 11. e5 d4 12. Ne4 Be7 13. N2g3 O-O-O 14. Qe2 Kb8 15. a3 g6 16. Bc1 1/2-1/2

[Event "32nd NATO Chess Championship"]
[Site "Tartu, Estonia"]
[Date "2022.06.30"]
[Round "6.4"]
[White "Nikomanis, Andreas"]
[Black "Valeinis, Janis"]
[Result "1/2-1/2"]
[TimeControl "90 min + 30 sec increment from move one"]
[WhiteFideId "4213831"]
[BlackFideId "11601450"]
[WhiteElo "2068"]
[BlackElo "2176"]

1. e4 e5 2. Nf3 Nc6 3. d4 exd4 4. Nxd4 Bb4+ 5. c3 Bc5 6. Nxc6 bxc6 7. Bd3 Qh4 8. O-O Nf6 9. Qf3 d6 10.
e5 Nd5 11. Nd2 dxe5 12. Nc4 Bd6 13. Re1 O-O 14. Nxe5 Qe7 15. Qe4 Nf6 16. Qe2 Bb7 17. Bf4 c5 18. Qc2 Qd8 19. Rad1 1/2-1/2

[Event "32nd NATO Chess Championship"]
[Site "Tartu, Estonia"]
[Date "2022.06.30"]
[Round "6.5"]
[White "Tustanowski, Mateusz"]
[Black "Flaata, Alexander R."]
[Result "0-1"]
[TimeControl "90 min + 30 sec increment from move one"]
[WhiteFideId "1169866"]
[BlackFideId "1502026"]
[WhiteElo "2036"]
[BlackElo "2048"]

1. d4 Nf6 2. Bf4 c5 3. e3 Qb6 4. Na3 Qxb2 5. Nb5 Nd5 6. Rb1 Qxa2 7. Ra1 Qb2 8. Nf3 Na6 9. Rb1 Qa2 10. Ne5 Qa5+ 11. c3 Nxf4 12. exf4 d6 13. Ra1 Qb6 14. Qa4 dxe5 15. Nc7+ Kd8 16. Nxa8 Qb2 17. Bxa6 Qxc3+ 18. Ke2 Bd7 19. Qa5+ Qxa5 20. Rxa5 bxa6 21. Rxc5 Bb5+ 22. Kd2 e6 23. Rc7 Bb4+ 24. Kc1 exd4 25. Rxa7 d3 26. Nc7 d2+ 27. Kb2 Bc5 28. Nxe6+ fxe6 29. Ra8+ Ke7 30. Rxh8 Ba4 31. Kc3 d1=Q 32. Rxd1 Bxd1 33. Rxh7 Kf6 34. Kd2 Bb3 35. g4 a5 36. Kc3 Bd5 37. h4 a4 38. h5 a3 0-1

[Event "32nd NATO Chess Championship"]
[Site "Tartu, Estonia"]
[Date "2022.06.30"]
[Round "6.6"]
[White "Mouroutis, Konstantinos"]
[Black "Wang, Eigen"]
[Result "0-1"]
[TimeControl "90 min + 30 sec increment from move one"]
[WhiteFideId "4204689"]
[BlackFideId "2008777"]
[WhiteElo "2133"]
[BlackElo "2293"]

1. d4 Nf6 2. Bf4 d5 3. e3 e6 4. Bd3 c5 5. c3 Bd6 6.
Bg3 O-O 7. Nf3 Qc7 8. Nbd2 Nbd7 9. O-O Bxg3 10. hxg3 e5 11. dxe5 Nxe5 12. Nxe5 Qxe5 13. Nf3 Qh5 14. Re1 Rd8 15. Nh2 Qh6 16. Qf3 Be6 17. Bf5 Qg5 18. Bxe6 fxe6 19. Qf4 Qh5 20. Nf3 Rf8 21. Qg5 Qe8 22. Nd2 Qb5 23. e4 dxe4 24. c4 Qc6 25. Re2 Rad8 26. Rae1 Rd4 27. b3 h6 28. Qg6 e3 29. fxe3 Rg4 30. Qd3 Rxg3 31. Nf1 Rg5 32. e4 Nh5 33. Rd2 Nf4 34. Qe3 e5 35. Kh1 Qg6 36. g3 Nh5 37. Kh2 Rxf1 38. Rxf1 Nxg3 39. Rf8+ Kxf8 0-1

[Event "32nd NATO Chess Championship"]
[Site "Tartu, Estonia"]
[Date "2022.06.30"]
[Round "6.7"]
[White "Nilsson, Erik"]
[Black "Sycz, Dariusz"]
[Result "1/2-1/2"]
[TimeControl "90 min + 30 sec increment from move one"]
[WhiteFideId "1409000"]
[BlackFideId "1138650"]
[WhiteElo "2002"]
[BlackElo "2189"]

1. d4 Nf6 2. c4 e6 3. Nc3 d5 4. cxd5 exd5 5. Bg5 Nbd7 6. e3 c6 7. Bd3 Be7 8. Qc2 O-O 9. Nge2 Re8 10.
O-O Nf8 11. f3 Ng6 12. Rad1 Nh5 13. Bxe7 Qxe7 14. e4 dxe4 15. fxe4 Bg4 16. Bc4 Rf8 17. Qb3 b5 18. Bd3 Qg5 19.
Qc2 b4 20. Na4 Qe3+ 21. Rf2 Nhf4 22. Qd2 Qxd2 23. Rxd2 Nxd3 24. Rxd3 Bxe2 25. Rxe2 Nf4 26. Red2 Nxd3 27. Rxd3 Rfe8 28.
Nc5 a5 29. Kf2 f6 30. Kf3 Ra7 31. Rd2 Rd8 32. Ke3 Re7 33. Kd3 g6 34. Re2 Kg7 35. Kc4 f5 36. e5 g5 37. Nb3 Rd5 38.
Nc5 Kg6 39. Rf2 h5 40. Rf3 h4 41. h3 Rd8 42. Nb3 Red7 43. Rd3 Rd5 44. Nc5 f4 45. Nb7 R8d7 46. Nd6 R7xd6 47. exd6 Rxd6 48. Kc5 Re6 49. Rd2 Kf5 50.
Kb6 g4 51. hxg4+ Kxg4 52. Kxa5 Kg3 53. Kxb4 h3 54. gxh3 f3 55. a4 Re2 56. Rd3 Rxb2+ 57. Kc5 Rc2+ 58. Kb6 Kg2 59. a5 f2 60.
Rd1 Rc4 61. a6 Rxd4 62. Ra1 Ra4 63. Rxa4 f1=Q 64. Ra5 Qc4 65. a7 Qb4+ 66. Ka6 1/2-1/2